 Dungeon Crawl Stone Soup version 0.22-a0-800-g058c00f (webtiles) character file.

77 Dancorps13 the Bolt Thrower (level 4, -1/26 HPs)
             Began as a Tengu Hunter on July 21, 2018.
             Slain by a hobgoblin
             ... wielding a +0 club
              (2 damage)
             ... on level 3 of the Dungeon.
             The game lasted 00:08:03 (1621 turns).

Dancorps13 the Bolt Thrower (Tengu Hunter)          Turns: 1621, Time: 00:08:03

Health: -1/26      AC:  3    Str: 13    XL:     4   Next: 34%
Magic:  5/5        EV: 13    Int: 12    God:
Gold:   123        SH:  0    Dex: 14    Spells: 3/3 levels left

rFire    + . .     SeeInvis .   (no weapon)
rCold    + . .     Gourm    .   (no shield)
rNeg     + . .     Faith    .   c - +0 leather armour
rPois    .         Spirit   .   (helmet restricted)
rElec    .         Reflect  .   m - scarf {rC+ rF+}
rCorr    .         Harm     .   (no gloves)
MR       .....                  (boots unavailable)
Stlth    ++........             (no amulet)
HPRegen  0.08/turn              r - ring of positive energy
MPRegen  0.09/turn              (no ring)

@: no status effects
A: beak, talons 3
a: no special abilities


You were on level 3 of the Dungeon.
You were not hungry.

You visited 1 branch of the dungeon, and saw 3 of its levels.

You collected 123 gold pieces.

Inventory:

Hand Weapons
 a - a +1 hand crossbow
 b - a +0 short sword
Armour
 c - a +0 leather armour (worn)
 m - a scarf of resistance (worn)
Jewellery
 r - a ring of positive energy (left hand)
Scrolls
 g - 2 scrolls of teleportation
 n - a scroll of fear {unknown}
 o - a scroll of enchant armour {unknown}
 q - a scroll of noise {unknown}
Potions
 e - a potion of might
 i - a potion of haste {unknown}
 j - a potion of berserk rage {unknown}
 l - a potion of heal wounds {unknown}
 p - a potion of invisibility {unknown}
 s - a potion of mutation {unknown}
Comestibles
 f - 2 rations
 t - 3 chunks of flesh


   Skills:
 - Level 2.0 Fighting
 + Level 5.1 Crossbows
 + Level 3.3 Dodging
 + Level 2.6 Stealth


You had 3 spell levels left.
You didn't know any spells.
Your spell library was empty.

Dungeon Overview and Level Annotations

Branches:
Dungeon (3/15)

Altars:


Innate Abilities, Weirdness & Mutations

You have a beak for a mouth.
You have claws for feet.


Message History

The ooze barely misses you. The kobold hits you with a short sword.
You hit the kobold but do no damage. Your kick misses the kobold.
The kobold is moderately wounded.
The ooze hits you. The kobold closely misses you.
You hit the kobold.
The kobold is heavily wounded.
The ooze hits you. The hobgoblin hits you with a club.
* * * LOW HITPOINT WARNING * * *
The kobold completely misses you.
Your leather armour prevents you from hitting the kobold.
The kobold is heavily wounded.
The ooze closely misses you. The hobgoblin barely misses you.
The kobold hits you with a short sword.
* * * LOW HITPOINT WARNING * * *
You hit the kobold.
You kill the kobold!
The ooze hits you.
* * * LOW HITPOINT WARNING * * *
The hobgoblin hits you with a club.
You die...

*,,,,,,,,,,**,*,*,*********,,*,*,
,,,,,,*,*,,,.......,,,<,,,,,,,,,,
,,**,,,,,.,,#.#.#.##****,,,,,*,*,
,,***,,**#(,#......#####,***,,,,,
*** *,,* #.(#..........,,***,,,**
* *,,***,..........##,,,,,,*,** *
*,,,,,,,#(........,,,,,,,*,** *
*,****,,*#(.)..#,**,,,,,**,** ***
*,* *,,**#g@J#*,***,*,,**,*,
,,***,***#..((...##*,**,,,,,,,,,,
*,,**,,,,........#**,**,***,,,,,,
,,,******#.#.##.#.,,,,,,*,*,,,,,,
*,,**,** ##.**#.,.,,,**,***,**,**
,,,,,,,* #,**#.,#.*,**,,,,,**,*
*****,** *,**..,..,,,*,,,,***,*
*,*****,**..,#.#,,,,*,****,*
*,,,,,,,,,,,,,,,,**,,,,,,,,**


You could see an ooze and a hobgoblin.

Vanquished Creatures
  An adder (D:2)
  2 worms (D:2)
  2 leopard geckos (D:2)
  3 orcs
  7 bats
  4 giant cockroaches
  10 goblins
  7 hobgoblins
  3 jackals (D:2)
  2 frilled lizards
  5 kobolds
  8 rats
54 creatures vanquished.

Notes
Turn   | Place    | Note
-------+----------+-------------------------------------------
     0 | D:1      | Dancorps13 the Tengu Hunter began the quest for the Orb.
     0 | D:1      | Reached XP level 1. HP: 12/12 MP: 2/2
   102 | D:1      | Reached XP level 2. HP: 17/17 MP: 3/3
   493 | D:1      | Reached XP level 3. HP: 21/21 MP: 4/4
   948 | D:2      | Reached skill level 5 in Crossbows
   948 | D:2      | Reached XP level 4. HP: 26/26 MP: 5/5
  1621 | D:3      | HP: 1/26 [ooze (1)]
  1621 | D:3      | Slain by a hobgoblin

Vault maps used:
D:1:      minmay_arrival_semitransparent
D:3:      first_ration, serial_glass, glass_columns_a, glass_columns_b,
          glass_columns_a, glass_columns_b, glass_columns_b, glass_columns_b,
          glass_columns_b, glass_columns_c, glass_columns_a, glass_columns_a,
          glass_columns_c, glass_columns_a, glass_columns_a, glass_columns_c,
          item_on_display_a, minmay_strange_pillars, portal_sewer_entry_d

Skill      XL: |  1  2  3 |
---------------+----------+-----
Stealth        | 2 |  2.6
Dodging        | 3 |  3.3
Crossbows      | 5 |  5.1
Fighting       | |  2.0

Action                   |  1- 3 |  4- 6 || total
-------------------------+-------+-------++-------
Melee: Unarmed           |       |     8 ||     8
       Kick              |       |     2 ||     2
       Peck              |       |     2 ||     2
 Fire: Hand crossbow     |    69 |    33 ||   102
  Use: Scroll            |       |     3 ||     3
  Eat: Chunk             |       |     2 ||     2
Armor: Leather armour    |     1 |     4 ||     5
Dodge: Dodged            |    10 |    13 ||    23

Table legend:
 A = Spawn XP
 B = Non-spawn XP
 C = Spawn XP percentage of total XP
 D = Spawn monster count
 E = Non-spawn monster count
 F = Spawn count percentage of total count
 G = Total turns spent on level
                    A         B        C        D         E        F      G
               +---------+---------+-------+---------+---------+-------+---------
         Total |       0 |     111 |   0.0 |       0 |      54 |   0.0 |  1621
               +---------+---------+-------+---------+---------+-------+---------
           D:1 |       0 |      34 |   0.0 |       0 |      22 |   0.0 |   674
           D:2 |       0 |      69 |   0.0 |       0 |      29 |   0.0 |   924
           D:3 |       0 |       8 |   0.0 |       0 |       3 |   0.0 |    23
               +---------+---------+-------+---------+---------+-------+---------
